 Dungeon Crawl Stone Soup version 0.23-a0-54-gae6112e33f (webtiles) character file.

32 LLavrengius the Digger (level 3, 12/19 HPs)
             Began as a Gargoyle Earth Elementalist on Aug 8, 2018.
             Quit the game on level 1 of the Dungeon.
             The game lasted 00:04:44 (1391 turns).

LLavrengius the Digger (GrEE)                       Turns: 1391, Time: 00:04:44

Health: 12/19      AC:  5    Str: 11    XL:     3   Next: 25%
Magic:  6/6        EV: 12    Int: 16    God:
Gold:   30         SH:  0    Dex: 10    Spells: 3/7 levels left

rFire    . . .     SeeInvis .   (no weapon)
rCold    . . .     Gourm    .   (no shield)
rNeg     + . .     Faith    .   c - +0 robe
rPois    ∞         Spirit   .   (no helmet)
rElec    +         Reflect  .   (no cloak)
rCorr    .         Harm     .   (no gloves)
MR       .....                  (no boots)
Stlth    ++........             (no amulet)
HPRegen  0.06/turn              (no ring)
MPRegen  0.10/turn              (no ring)

@: no status effects
A: negative energy resistance 1, electricity resistance, unbreathing,
petrification resistance, rot immunity, AC +3
a: no special abilities


You were on level 1 of the Dungeon.
You were not hungry.

You visited 1 branch of the dungeon, and saw 1 of its levels.

You collected 30 gold pieces.

Inventory:

Missiles
 g - 4 poisoned needles
Armour
 c - a +0 robe (worn)
Scrolls
 a - 2 scrolls of remove curse {unknown}
 e - a scroll of noise {unknown}
 f - a scroll of enchant weapon {unknown}
Potions
 h - a potion of agility {unknown}
Comestibles
 b - 3 chunks of flesh
 d - 3 rations


   Skills:
 + Level 0.2 Fighting
 + Level 1.8 Dodging
 - Level 2.2 Stealth
 + Level 2.6 Spellcasting
   Level 0.7 Transmutations
 + Level 4.2 Earth Magic


You had 3 spell levels left.
You knew the following spells:

 Your Spells              Type           Power        Failure   Level  Hunger
a - Sandblast             Erth           ###...       3%          1    #......
b - Stone Arrow           Conj/Erth      #.....       24%         3    ###....

Your spell library contained the following spells:

 Spells                   Type           Power        Failure   Level  Hunger
 Passwall                 Tmut/Erth      ##......     11%         2    ##.....
 Lee's Rapid Deconstruct  Erth           ###.......   67%         5    ######.
 Petrify                  Tmut/Erth      ##......     56%         4    #####..


Dungeon Overview and Level Annotations

Branches:
Dungeon (1/15)

Altars:


Innate Abilities, Weirdness & Mutations

You are resistant to torment.
Your stone body is resilient. (AC +3)
You are immune to poison.
You resist negative energy. (rN+)
You are resistant to electric shocks. (rElec)
You can survive without breathing.
You are immune to petrification.
You are immune to rotting.


Message History

The dart slug is severely wounded.
The dart slug bites you but does no damage.
You hit the dart slug.
The dart slug is almost dead.
You hit the dart slug.
The dart slug is almost dead.
The dart slug bites you but does no damage.
You hit the dart slug but do no damage.
The dart slug is almost dead.
The dart slug bites you but does no damage.
You hit the dart slug.
You kill the dart slug!
No target in view!
You see here a dart slug corpse.
You butcher the dart slug corpse.
b - 3 chunks of flesh (gained 2) Memorise Stone Arrow, consuming 3 spell levels and leaving 3?
You start memorising the spell.
You continue memorising. x3
You finish memorising.
Spell assigned to 'b'.
Are you sure you want to abandon this character and quit the game? (Confirm with "yes".)

#............#####
#####..#####......
#..# #######
#..######
#.......#
###.#####.#
#####.#.#
#....#..#
.....#@###.# ###
##.#..# #.#..
####. .. .# .# ##
..... # #.###


There were no monsters in sight!

Vanquished Creatures
  A dart slug (D:1)
  5 bats (D:1)
  A giant cockroach (D:1)
  2 goblins (D:1)
  6 hobgoblins (D:1)
  5 kobolds (D:1)
  5 frilled lizards (D:1)
  4 rats (D:1)
29 creatures vanquished.

Notes
Turn   | Place    | Note
-------+----------+-------------------------------------------
     0 | D:1      | LLavrengius the Gargoyle Earth Elementalist began the quest for the Orb.
     0 | D:1      | Reached XP level 1. HP: 10/10 MP: 3/3
   228 | D:1      | Reached skill level 4 in Earth Magic
   228 | D:1      | Reached XP level 2. HP: 14/15 MP: 0/5
   867 | D:1      | Reached XP level 3. HP: 8/19 MP: 1/6
  1391 | D:1      | Learned a level 3 spell: Stone Arrow
  1391 | D:1      | Quit the game

Vault maps used:
D:1:      dpeg_arrival_subterranean_lakeside_camping

Skill      XL: |  1 |
---------------+----+-----
Earth Magic    | 4 |  4.2
Fighting       | |  0.2
Dodging        | |  1.8
Stealth        | |  2.2
Spellcasting   | |  2.6
Transmutations | |  0.7

Action                   || total
-------------------------++-------
Melee: Unarmed           ||    85
 Cast: Sandblast         ||    35
 Stab: Sleeping          ||     2
  Eat: Chunk             ||     2
Armor: Robe              ||    33
Dodge: Dodged            ||    66

Table legend:
 A = Spawn XP
 B = Non-spawn XP
 C = Spawn XP percentage of total XP
 D = Spawn monster count
 E = Non-spawn monster count
 F = Spawn count percentage of total count
 G = Total turns spent on level
                    A         B        C        D         E        F      G
               +---------+---------+-------+---------+---------+-------+---------
         Total |       0 |      46 |   0.0 |       0 |      29 |   0.0 |  1391
               +---------+---------+-------+---------+---------+-------+---------
           D:1 |       0 |      46 |   0.0 |       0 |      29 |   0.0 |  1391
               +---------+---------+-------+---------+---------+-------+---------
